 Dungeon Crawl Stone Soup version 0.28.0-49-g6dfe1f597d (webtiles) character file.

Game seed: 7668940288746541207

310 issech the Cutter (level 6, -6/44 HPs)
             Began as a Gnoll Wanderer on May 19, 2022.
             Mangled by osoart's ghost (8 damage)
             ... on level 4 of the Dungeon.
             The game lasted 00:12:16 (5013 turns).

issech the Cutter (Gnoll Wanderer)                  Turns: 5013, Time: 00:12:16

Health: -6/44      AC: 10    Str: 12    XL:     6   Next: 41%
Magic:  11/11      EV:  6    Int: 11    God:
Gold:   147        SH:  0    Dex: 13    Spells: 10/11 levels left

rFire   + . .      SeeInvis .   u - +3 flail (holy)
rCold   + . .      Faith    .   (no shield)
rNeg    . . .      Spirit   .   f - +0 chain mail
rPois   .          Reflect  .   (no helmet)
rElec   .          Harm     .   t - scarf {rC+ rF+}
rCorr   .          Rampage  .   n - +0 pair of gloves
Will    .....                   (no boots)
Stlth   ..........              (no amulet)
HPRegen 0.14/turn               (no ring)
MPRegen 0.12/turn               (no ring)

@: no status effects
A: fangs 1, strong nose, distributed training
a: no special abilities


You were on level 4 of the Dungeon.
You visited 1 branch of the dungeon, and saw 4 of its levels.

You collected 147 gold pieces.

Inventory:

Hand Weapons
 a - a +0 rapier
 c - a +0 dagger
 g - a +0 hunting sling
 j - a +0 short sword
 r - a +0 spear
 u - a +3 flail of holy wrath (weapon)
 v - a +0 morningstar
 w - a +0 mace
Missiles
 b - 11 poisoned darts
 d - 192 stones
 q - 26 arrows
Armour
 e - a +0 leather armour
 f - a +0 chain mail (worn)
 n - a +0 pair of gloves (worn)
 o - a +0 ring mail
 p - a +0 scale mail
 t - a scarf of resistance (worn)
Magical Staves
 l - a staff of cold
Scrolls
 h - a scroll of fog {unknown}
 i - a scroll of fear {unknown}
Potions
 k - a potion of cancellation {unknown}
 m - 2 potions of mutation {unknown}
 s - a potion of haste {unknown}


   Skills:
 + Level 2.0 Fighting
 + Level 6.8 Short Blades
 + Level 2.0 Long Blades
 + Level 2.0 Axes
 + Level 2.0 Maces & Flails
 + Level 2.0 Polearms
 + Level 2.0 Staves
 + Level 2.0 Slings
 + Level 2.0 Bows
 + Level 2.0 Crossbows
 + Level 5.0 Throwing
 + Level 3.2 Armour
 + Level 2.0 Dodging
 + Level 3.1 Stealth
 + Level 2.0 Shields
 + Level 2.0 Unarmed Combat
 + Level 3.4 Spellcasting
 + Level 1.5 Conjurations
 + Level 1.5 Hexes
 + Level 1.5 Summonings
 + Level 1.5 Necromancy
 + Level 1.5 Translocations
 + Level 1.5 Transmutations
 + Level 1.5 Fire Magic
 + Level 1.5 Ice Magic
 + Level 1.5 Air Magic
 + Level 4.1 Earth Magic
 + Level 1.5 Poison Magic
 + Level 2.1 Invocations
 + Level 2.0 Evocations


You had 10 spell levels left.
You knew the following spells:

 Your Spells              Type           Power      Damage    Failure   Level
a - Sandblast             Erth           20%        2d7       86%         1

Your spell library contained the following spells:

 Spells                   Type           Power      Damage    Failure   Level
 Beastly Appendage        Tmut           10%        N/A       99%         1
 Slow                     Hex            20%        N/A       99%         1
 Wereblood                Tmut           5%         N/A       100%        2
 Confusing Touch          Hex            5%         N/A       100%        3
 Spider Form              Tmut/Pois      5%         N/A       100%        3
 Stone Arrow              Conj/Erth      16%        3d8       100%        3
 Vampiric Draining        Necr           5%         2d6       100%        3


Dungeon Overview and Level Annotations

Branches:
Dungeon (4/15)             Temple (0/1) D:4

Altars:

Annotations:
D:3 2 transporters, pkoi's ghost, amateur DgGl
D:4 osoart's ghost, amateur DsMo


Innate Abilities, Weirdness & Mutations

You have very sharp teeth.
Your uncanny sense of smell can sniff out nearby items.
Your experience applies equally to all skills.


Message History

You hit osoart's ghost.
Osoart's ghost convulses.
Your punch misses osoart's ghost.
Osoart's ghost is heavily damaged.
Osoart's ghost hits you.
You closely miss osoart's ghost.
Osoart's ghost is heavily damaged.
Osoart's ghost hits you but does no damage.
Osoart's ghost barely misses you.
You hit osoart's ghost.
Osoart's ghost convulses.
Osoart's ghost is severely damaged.
Osoart's ghost hits you.
You hit osoart's ghost but do no damage.
Osoart's ghost is severely damaged.
Osoart's ghost hits you.
You barely miss osoart's ghost.
Osoart's ghost is severely damaged.
Osoart's ghost hits you but does no damage.
You hit osoart's ghost but do no damage.
You bite osoart's ghost, but do no damage.
Osoart's ghost is severely damaged.
Osoart's ghost hits you but does no damage.
Osoart's ghost says, "What do you have that I didn't have?"
Osoart's ghost barely misses you.
You closely miss osoart's ghost.
Osoart's ghost is severely damaged.
Osoart's ghost hits you.
You hit osoart's ghost.
Osoart's ghost convulses.
Osoart's ghost is almost destroyed.
Osoart's ghost moans, "Why did I trust plants to save my life?"
Osoart's ghost completely misses you.
You closely miss osoart's ghost.
Osoart's ghost is almost destroyed.
Osoart's ghost hits you!
* * * LOW HITPOINT WARNING * * *
Osoart's ghost hits you.
* * * LOW HITPOINT WARNING * * *
You barely miss osoart's ghost.
Osoart's ghost is almost destroyed.
Osoart's ghost hits you!
You die...

#.... #...........
##....# #.##....#...
.....###.##..#.#...
#.......##..#.###.
#......###..#.# .
##.............. .
##.......####.### .
#######.#...### #..
≈(≈≈≈≈W@....>.###.#
#########...........
#...............####
##............###
#....#####...#
....#.## #####
..##.#.# # ....#
♣.♣..#


You could see osoart's ghost.

Vanquished Creatures
  An orc priest (D:3)
  Ijyb (D:3)
  Natasha (thrice) (D:2)
  An orc wizard (D:2)
  7 adders
  A worm (D:2)
  9 orcs
  8 ball pythons
  4 endoplasms
  4 giant cockroaches (D:1)
  8 goblins
  7 hobgoblins
  8 kobolds
  2 quokkas (D:1)
  10 bats
  4 frilled lizards
  6 rats
84 creatures vanquished.

Vanquished Creatures (others)
  6 plants (D:3)
6 creatures vanquished.

Grand Total: 90 creatures vanquished

Notes
Turn   | Place    | Note
-------+----------+-------------------------------------------
     0 | D:1      | issech the Gnoll Wanderer began the quest for the Orb.
     0 | D:1      | issech set off with the following items: a +0 rapier, 11
                  | poisoned darts, a +0 dagger, 23 stones, a +0 leather
                  | armour; and the following spell memorised: Sandblast; and
                  | the following spells available to memorise: Stone Arrow
     0 | D:1      | Reached XP level 1. HP: 13/13 MP: 4/4
   169 | D:1      | Reached XP level 2. HP: 18/19 MP: 5/5
   626 | D:1      | Reached XP level 3. HP: 3/25 MP: 7/7
  1258 | D:1      | Found a faded altar of an unknown god.
  1276 | D:1      | Reached skill level 1 in Invocations
  1552 | D:2      | Reached skill level 1 in Fighting
  1552 | D:2      | Reached skill level 1 in Long Blades
  1552 | D:2      | Reached skill level 1 in Axes
  1552 | D:2      | Reached skill level 1 in Maces & Flails
  1552 | D:2      | Reached skill level 1 in Polearms
  1552 | D:2      | Reached skill level 1 in Staves
  1552 | D:2      | Reached skill level 1 in Slings
  1552 | D:2      | Reached skill level 1 in Bows
  1552 | D:2      | Reached skill level 1 in Crossbows
  1552 | D:2      | Reached skill level 1 in Dodging
  1552 | D:2      | Reached skill level 1 in Shields
  1552 | D:2      | Reached skill level 1 in Unarmed Combat
  1552 | D:2      | Reached skill level 1 in Evocations
  1800 | D:2      | Noticed Natasha
  1810 | D:2      | Killed Natasha
  1811 | D:2      | Reached XP level 4. HP: 13/32 MP: 8/8
  1899 | D:2      | Noticed Natasha
  1924 | D:2      | Killed Natasha
  1925 | D:2      | Reached skill level 1 in Conjurations
  1925 | D:2      | Reached skill level 1 in Hexes
  1925 | D:2      | Reached skill level 1 in Summonings
  1925 | D:2      | Reached skill level 1 in Necromancy
  1925 | D:2      | Reached skill level 1 in Translocations
  1925 | D:2      | Reached skill level 1 in Transmutations
  1925 | D:2      | Reached skill level 1 in Fire Magic
  1925 | D:2      | Reached skill level 1 in Ice Magic
  1925 | D:2      | Reached skill level 1 in Air Magic
  1925 | D:2      | Reached skill level 1 in Poison Magic
  2160 | D:2      | Noticed Natasha
  2175 | D:2      | Killed Natasha
  2176 | D:2      | Reached XP level 5. HP: 4/37 MP: 9/9
  3720 | D:3      | Reached XP level 6. HP: 29/44 MP: 10/10
  4090 | D:3      | Found a transporter.
  4110 | D:3      | Found a transporter.
  4125 | D:3      | Noticed Ijyb
  4128 | D:3      | Identified the +6 spear of Doom {venom, rF+ Str+2 Stlth+}
  4139 | D:3      | Killed Ijyb
  4240 | D:3      | Noticed pkoi's ghost (amateur DgGl)
  4896 | D:4      | Reached skill level 5 in Throwing
  4943 | D:4      | Found a runed translucent door.
  4951 | D:4      | Noticed osoart's ghost (amateur DsMo)
  4970 | D:4      | Found a staircase to the Ecumenical Temple.
  5012 | D:4      | HP: 1/44 [osoart's ghost (4)]
  5013 | D:4      | Mangled by osoart's ghost

Illustrated notes

Levels and vault maps discovered:
D:1:      dpeg_arrival_long_road, layout_basic,
          dreamdust_ecumenical_altar_statues, dk_noncrumbling_4, minmay_ruptured
D:2:      layout_basic, bh_walls_and_bars, uniq_natasha
D:3:      layout_rooms, gammafunk_ghost_gnarly_gnolls, uniq_ijyb
D:4:      layout_loops_ring, minmay_temple_entry_trees, ebering_ghost_sewer_d,
          uniq_pikel, uniq_eustachio, uniq_blork_the_orc

Skill      XL: |  1  2  3  4  5  6 |
---------------+-------------------+-----
Invocations    | 1 2 |  2.1
Fighting       | 1 2 |  2.0
Long Blades    | 1 2 |  2.0
Axes           | 1 2 |  2.0
Maces & Flails | 1 2 |  2.0
Polearms       | 1 2 |  2.0
Staves         | 1 2 |  2.0
Slings         | 1 2 |  2.0
Bows           | 1 2 |  2.0
Crossbows      | 1 2 |  2.0
Dodging        | 1 2 |  2.0
Shields        | 1 2 |  2.0
Unarmed Combat | 1 2 |  2.0
Evocations     | 1 2 |  2.0
Spellcasting   | 3 |  3.4
Conjurations   | 1 |  1.5
Hexes          | 1 |  1.5
Summonings     | 1 |  1.5
Necromancy     | 1 |  1.5
Translocations | 1 |  1.5
Transmutations | 1 |  1.5
Fire Magic     | 1 |  1.5
Ice Magic      | 1 |  1.5
Air Magic      | 1 |  1.5
Poison Magic   | 1 |  1.5
Armour         | 3 |  3.2
Earth Magic    | 4 |  4.1
Stealth        | 3 |  3.1
Throwing       | 5 |  5.0
Short Blades   | |  6.8

Action                   |  1- 3 |  4- 6 || total
-------------------------+-------+-------++-------
Melee: Rapier            |   122 |    58 ||   180
       Bite              |    11 |    15 ||    26
       Punch             |     2 |     9 ||    11
       Flail             |       |   131 ||   131
       Unarmed           |       |     7 ||     7
Throw: Dart              |       |     6 ||     6
       Stone             |       |     1 ||     1
 Cast: Sandblast         |       |     3 ||     3
Armor: Leather armour    |    36 |       ||    36
       Chain mail        |    47 |   133 ||   180
       Skin              |       |     2 ||     2
Dodge: Dodged            |    72 |    63 ||   135
